 Dungeon Crawl Stone Soup version 0.27.0-1-g7a089689b8 (webtiles) character file.

Game seed: 15256179872808561416

2919 freelancePsychic the Cleaver (level 9, -4/72 HPs)
             Began as a Demonspawn Fighter on Aug 12, 2021.
             Was a Priest of Qazlal.
             Slain by a death knight (9 damage)
             ... on level 7 of the Dungeon.
             The game lasted 00:11:43 (7786 turns).

freelancePsychic the Cleaver (Demonspawn Fighter)   Turns: 7786, Time: 00:11:44

Health: -4/72      AC: 15    Str: 20    XL:     9   Next: 50%
Magic:  1/12       EV: 11    Int: 13    God:    Qazlal [***...]
Gold:   340        SH:  9    Dex: 12    Spells: 8/8 levels left

rFire    . . .     SeeInvis +   n - +0 war axe (vorpal)
rCold    . . .     Faith    .   q - +0 buckler
rNeg     . . .     Spirit   .   u - +0 plate armour
rPois    .         Reflect  .   r - +2 helmet {Int+3}
rElec    .         Harm     .   (no cloak)
rCorr    .         Rampage  .   s - +0 pair of gloves
Will     .....                  (no boots)
Stlth    ..........             g - amulet of regeneration
HPRegen  1.22/turn              h - ring of see invisible
MPRegen  0.13/turn              o - +4 ring of evasion

@: mighty
A: hooves 2, sturdy frame 1, demonic magic 2
a: Renounce Religion, Upheaval, Elemental Force


You were on level 7 of the Dungeon.
You worshipped Qazlal.
Qazlal was most pleased with you.
You visited 1 branch of the dungeon, and saw 7 of its levels.

You collected 340 gold pieces.

Inventory:

Hand Weapons
 a - a +1 flail
 n - a +0 vorpal war axe (weapon)
Armour
 b - a +1 scale mail
 c - a +0 kite shield
 q - a +0 buckler (worn)
 r - a +2 helmet of intelligence (worn)
 s - a +0 pair of gloves (worn)
 u - a +0 plate armour (worn)
Jewellery
 g - an amulet of regeneration (around neck)
 h - a ring of see invisible (left hand)
 o - a +4 ring of evasion (right hand)
Wands
 x - a wand of paralysis (8)
Scrolls
 f - 2 scrolls of teleportation {@r4}
 l - a scroll of amnesia
 p - a scroll of blinking
 t - 2 scrolls of silence
 v - a scroll of enchant armour
 y - a scroll of identify {@r1}
Potions
 e - 2 potions of mutation {unknown}
 i - a potion of lignification {unknown}
 j - a potion of degeneration {unknown}
 k - a potion of invisibility {unknown}
 m - a potion of curing {unknown}
 w - a potion of berserk rage {unknown}


   Skills:
 + Level 7.3 Fighting
 * Level 8.2(8.5) Axes
 - Level 3.2(6.1) Maces & Flails
 - Level 2.6 Armour
 + Level 5.2 Shields
 - Level 4.9 Invocations


You had 8 spell levels left.
You didn't know any spells.
Your spell library contained the following spells:

 Spells                   Type           Power      Damage    Failure   Level
 Animate Skeleton         Necr           0%         N/A       99%         1
 Apportation              Tloc           0%         N/A       99%         1
 Corona                   Hex            0%         N/A       99%         1
 Summon Small Mammal      Summ           0%         N/A       99%         1
 Blink                    Tloc           N/A        N/A       100%        2
 Lesser Beckoning         Tloc           0%         N/A       100%        3
 Stone Arrow              Conj/Erth      0%         3d7       100%        3
 Animate Armour           Summ/Erth      0%         N/A       100%        4
 Manifold Assault         Tloc           0%         N/A       100%        5
 Lehudib's Crystal Spear  Conj/Erth      0%         10d2      100%        8


Dungeon Overview and Level Annotations

Branches:
Dungeon (7/15)
 Temple: D:4-7

Altars:
Fedhas
Qazlal
Sif Muna

Shops:
D:2 (   D:4 [

Annotations:
D:4 exclusion: door


Innate Abilities, Weirdness & Mutations

You have hoof-like feet.
Your movements are slightly less encumbered by armour. (ER -2)
Spells you cast may paralyse nearby enemies.


Message History

You slash the hound!
You kill the hound!
Qazlal accepts your kill.
Aiming: Upheaval
Press: ? - help, Dir - move target, f - death knight
Aim: a death knight, wielding the +12 glaive of Prune {vorpal} and wearing a +3 ring mail of fire resistance The ground shakes violently, spewing rubble!
The blast of rubble hits the death knight!
The death knight is lightly wounded.
The death knight offers itself to Yredelemnul, and fills with unholy energy.
Aiming: Upheaval
Press: ? - help, Dir - move target, f/p - death knight
Aim: a death knight, wielding the +12 glaive of Prune {vorpal} and wearing a +3 ring mail of fire resistance (lightly wounded, reflecting injuries)
A storm cloud blasts the area with cutting wind!
The cutting wind hits the death knight!!
The death knight is moderately wounded.
The death knight reflects your damage back at you!
Aiming: Upheaval
Press: ? - help, Dir - move target, f/p - death knight
Aim: a death knight, wielding the +12 glaive of Prune {vorpal} and wearing a +3 ring mail of fire resistance (moderately wounded, reflecting injuries)
A storm cloud blasts the area with cutting wind!
The cutting wind hits the death knight!
The death knight is heavily wounded.
The death knight reflects your damage back at you!
Okay, then.
You feel very mighty all of a sudden.
You hear a croak.
A bullfrog comes into view.
You hear a bark!
The bullfrog croaks.
The death knight hits you with the +12 glaive of Prune {vorpal}!!
You hit the death knight. You kick the death knight.
The death knight is severely wounded.
You hit the orc.
You kill the orc!
Qazlal accepts your kill.
The death knight reflects your damage back at you!
The death knight hits you with the +12 glaive of Prune {vorpal}!!
* * * LOW HITPOINT WARNING * * *
You die...

♣...........♣ #..<.....
♣.♣.......♣.♣ ##.#.#.#.#
♣♣♣♣♣...♣♣♣♣♣ #c.#####.# ♣♣...♣♣
#.## .. ♣.....♣ #.# ## #...###
#c# ############...########.##
#...............§......c.#
#.......#.#...§@pc.F.....#
#.###.....#.#......###'..#
##..<#.#..........###.)#..#
.#####.##.......###....#..#######
..............###....#.#.........
.#.....#...####...#.#..#..##.....
.#.###...### ....#.#.#.#..# ....
†..#...### ##...# #..#..# ...
##...### ##. #.#..# ..


You could see a death knight (reflects damage), a bullfrog and a centaur.

Vanquished Creatures
  A two-headed ogre (D:7)
  Grinder (D:5)
  A shadow (D:7)
  A steam dragon (D:6)
  A water moccasin (D:7)
  An ice beast (D:7)
  A phantom (D:6)
  Blork the orc (D:5)
  A kobold brigand (D:6)
  2 bullfrogs (D:6)
  A scorpion (D:5)
  A wyvern zombie (D:6)
  A water moccasin zombie (D:6)
  2 wyvern skeletons (D:7)
  A water moccasin skeleton (D:6)
  A killer bee (D:7)
  7 wights
  3 howler monkeys (D:7)
  3 hounds
  A jelly (D:7)
  A centaur skeleton (D:6)
  A bullfrog skeleton (D:5)
  4 orc wizards (D:7)
  A hound zombie (D:5)
  Robin (D:3)
  A howler monkey zombie (D:6)
  4 gnolls (D:6)
  5 adders
  2 ufetubi
  A worm (D:2)
  4 dart slugs
  8 orcs
  4 bats
  7 endoplasms
  A giant cockroach (D:2)
  18 goblins
  7 hobgoblins
  18 jackals
  10 kobolds
  4 quokkas
  12 ball pythons
  5 frilled lizards
  6 rats
157 creatures vanquished.

Notes
Turn   | Place    | Note
-------+----------+-------------------------------------------
     0 | D:1      | freelancePsychic the Demonspawn Fighter began the quest for
                  | the Orb.
     0 | D:1      | Reached XP level 1. HP: 18/18 MP: 1/1
    99 | D:1      | Gained mutation: You have large cloven feet. [demonic
                  | ancestry]
    99 | D:1      | Reached XP level 2. HP: 15/24 MP: 2/2
   265 | D:1      | Found a faded altar of an unknown god.
   315 | D:1      | Became a worshipper of Qazlal Stormbringer
   315 | D:1      | Reached * piety under Qazlal
   440 | D:1      | Reached XP level 3. HP: 20/29 MP: 3/3
   811 | D:2      | Reached skill level 1 in Invocations
   905 | D:2      | Reached ** piety under Qazlal
  1137 | D:2      | Found Danealekh's Weapon Shop.
  1282 | D:2      | Gained mutation: You have hoof-like feet. [demonic
                  | ancestry]
  1282 | D:2      | Reached XP level 4. HP: 33/35 MP: 5/5
  1860 | D:2      | Reached skill level 1 in Axes
  2724 | D:3      | Reached *** piety under Qazlal
  2959 | D:3      | Noticed Robin
  2967 | D:3      | Killed Robin
  2968 | D:3      | Gained mutation: Your movements are slightly less
                  | encumbered by armour. (ER -2) [demonic ancestry]
  2968 | D:3      | Reached XP level 5. HP: 42/42 MP: 6/6
  3484 | D:4      | Found Immadgh's Antique Armour Shoppe.
  3917 | D:4      | Found a shimmering blue altar of Sif Muna.
  4148 | D:5      | Entered Level 5 of the Dungeon
  4153 | D:5      | Reached skill level 2 in Axes
  4158 | D:5      | Noticed Grinder
  4273 | D:5      | Gained mutation: Spells you cast may paralyse adjacent
                  | enemies. [demonic ancestry]
  4273 | D:5      | Reached XP level 6. HP: 48/48 MP: 8/8
  4398 | D:5      | Paralysed by Grinder for 7 turns
  4407 | D:5      | Killed Grinder
  4408 | D:5      | Reached skill level 3 in Axes
  4720 | D:5      | Noticed Blork the orc
  4762 | D:5      | Killed Blork the orc
  4763 | D:5      | Reached XP level 7. HP: 41/55 MP: 10/10
  4880 | D:5      | Reached skill level 4 in Axes
  5323 | D:6      | Noticed a steam dragon
  5326 | D:6      | Killed a steam dragon
  5327 | D:6      | Reached skill level 5 in Fighting
  6045 | D:6      | Reached skill level 5 in Axes
  6320 | D:6      | Gained mutation: Spells you cast may paralyse nearby
                  | enemies. [demonic ancestry]
  6320 | D:6      | Reached XP level 8. HP: 63/63 MP: 11/11
  6438 | D:6      | Reached skill level 6 in Axes
  7398 | D:7      | Reached skill level 7 in Axes
  7485 | D:7      | Noticed a +0 short sword
  7487 | D:7      | Noticed a +0 falchion
  7488 | D:7      | Noticed a +0 falchion
  7489 | D:7      | Noticed a +0 short sword
  7528 | D:7      | Reached XP level 9. HP: 71/71 MP: 12/12
  7609 | D:7      | Found a blossoming altar of Fedhas.
  7649 | D:7      | Identified the +4 shortbow of Mana {vorpal, rPois rF+++
                  | Dex-3 Stlth+}
  7661 | D:7      | Noticed a two-headed ogre
  7671 | D:7      | Killed a two-headed ogre
  7672 | D:7      | Reached skill level 8 in Axes
  7672 | D:7      | Reached skill level 5 in Shields
  7676 | D:7      | Noticed a death knight
  7786 | D:7      | Slain by a death knight

Illustrated notes

Levels and vault maps discovered:
D:1:      dpeg_arrival_arbitrary_b, layout_rooms,
          shapermc_ecumenical_altar_totnotflames
D:2:      layout_loops_cross, serial_shops, shop, kennysheep_generic_room_10
D:3:      kennysheep_the_goblin_king, layout_basic, uniq_robin
D:4:      layout_basic, led_sif_book, serial_shops, nicolae_lakefront_shop
D:5:      layout_basic, uniq_grinder, uniq_blork_the_orc
D:6:      layout_loops_ring
D:7:      minmay_the_grid_triangle_9x9_rhombus_thin
          [minmay_the_grid_triangle_9x9_skeleton,
          minmay_the_grid_triangle_9x9_prize_schism,
          minmay_the_grid_triangle_9x9_limited_checkers,
          minmay_the_grid_triangle_9x9_zippers_horizontal], layout_basic,
          fedhas_altar_fruit_tree, nicolae_tso_swordbearing_angel,
          nicolae_uskayaw_en_pointe, temple_doors_e, ebering_ghost_inner_flame,
          st_stairs_13

Skill      XL: |  1  2  3  4  5  6  7  8  9 |
---------------+----------------------------+-----
Maces & Flails | 2 3 |  3.2
Invocations    | 1 2 3 4 |  4.9
Axes           | 1 2 3 5 7 8 |  8.2
Fighting       | 4 5 6 7 |  7.3
Shields        | 3 4 5 |  5.2
Armour         | |  2.6

Action                   |  1- 3 |  4- 6 |  7- 9 || total
-------------------------+-------+-------+-------++-------
Melee: Flail             |   129 |   130 |     7 ||   266
       Kick              |    26 |    32 |    67 ||   125
       War axe           |       |       |   185 ||   185
Invok: Upheaval          |       |     3 |     4 ||     7
  Use: Potion            |     1 |     1 |     1 ||     3
       Scroll            |     2 |     6 |     4 ||    12
Armor: Scale mail        |    63 |    57 |    35 ||   155
       Plate armour      |       |       |    36 ||    36
Dodge: Dodged            |    87 |    48 |    93 ||   228
Block: Other             |     9 |    19 |     6 ||    34
       Buckler           |       |       |    67 ||    67
